 Dungeon Crawl Stone Soup version 0.27-a0-1374-gc14e5d3922 (webtiles) character file.

Game seed: 10224491420896601600

690 Johnny the Magician (level 7, -4/44 HPs)
             Began as a Deep Elf Earth Elementalist on June 29, 2021.
             Was an Initiate of Dithmenos.
             Killed from afar by Dowan (23 damage)
             ... with a shard of ice
             ... on level 5 of the Dungeon.
             The game lasted 00:04:49 (5861 turns).

Johnny the Magician (Deep Elf Earth Elementalist)   Turns: 5861, Time: 00:04:50

Health: -4/44      AC:  5    Str:  5    XL:     7   Next: 36%
Magic:  8/18       EV: 11    Int: 22    God:    Dithmenos [......]
Gold:   271        SH:  0    Dex: 15    Spells: 17/18 levels left

rFire    . . .     SeeInvis .   e - +2 whip (venom)
rCold    . . .     Faith    .   (no shield)
rNeg     . . .     Spirit   .   i - +0 leather armour
rPois    .         Reflect  .   k - +0 helmet
rElec    .         Harm     .   (no cloak)
rCorr    .         Rampage  .   (no gloves)
Will     .....                  h - +0 pair of boots
Stlth    ++........             (no amulet)
HPRegen  0.14/turn              (no ring)
MPRegen  0.16/turn              (no ring)

@: brilliant, on berserk cooldown, slowed, very slow
A: no striking features
a: Renounce Religion


You were on level 5 of the Dungeon.
You worshipped Dithmenos.
Dithmenos was noncommittal.
You visited 2 branches of the dungeon, and saw 6 of its levels.
You also visited: Sewer.

You collected 271 gold pieces.

Inventory:

Hand Weapons
 a - a +0 war axe
 d - a +0 short sword
 e - a +2 whip of venom (weapon)
Missiles
 c - 94 stones
Armour
 b - a +0 robe
 h - a +0 pair of boots (worn)
 i - a +0 leather armour (worn)
 k - a +0 helmet (worn)
Scrolls
 g - 6 scrolls of identify {unknown}
 l - 2 scrolls of teleportation {unknown}
 m - 4 scrolls of magic mapping {unknown}
 o - a scroll of blinking {unknown}
 t - a scroll of vulnerability {unknown}
 v - a scroll of immolation {unknown}
Potions
 f - a potion of invisibility {unknown}
 j - a potion of brilliance
 n - a potion of curing
 p - a potion of mutation {unknown}
 q - a potion of degeneration {unknown}
 r - a potion of lignification
 s - a potion of berserk rage


   Skills:
 * Level 4.6 Fighting
 - Level 2.4 Dodging
 - Level 2.4 Stealth
 + Level 6.0 Spellcasting
 - Level 1.1 Transmutations
 + Level 5.4 Earth Magic


You had 17 spell levels left.
You knew the following spells:

 Your Spells              Type           Power      Damage    Failure   Level
a - Sandblast             Erth           92%        2d19      1%          1

Your spell library contained the following spells:

 Spells                   Type           Power      Damage    Failure   Level
 Passwall                 Tmut/Erth      25%        N/A       6%          2
 Stone Arrow              Conj/Erth      56%        3d10      14%         3
 Corona                   Hex            10%        N/A       16%         1
 Ensorcelled Hibernation  Hex/Ice        18%        N/A       22%         2
 Petrify                  Tmut/Erth      31%        N/A       36%         4
 Confusing Touch          Hex            9%         N/A       41%         3
 Dazzling Flash           Conj/Hex       18%        N/A       41%         3
 Tukima's Dance           Hex            9%         N/A       41%         3
 Lee's Rapid Deconstruct  Erth           23%        3d14*     41%         5


Dungeon Overview and Level Annotations

Branches:
Dungeon (5/15)             Temple (1/1) D:4           Sewer (visited)

Altars:
Dithmenos
Elyvilon
Hepliaklqana
Wu Jian

Annotations:
D:5 Dowan


Message History

Aim: an iguana (almost dead, 85% to hit)
You feel a surge of power!
The blast of sand misses the iguana.
Dowan hits you with a +0 dagger of freezing.
Dowan freezes you. Dowan casts a spell at you. The stone arrow hits you!
The iguana barely misses you. Dowan hits you but does no damage.
Casting: Sandblast (safe; 1% risk of failure)
Confirm with . or Enter, or press ? or * to list all spells.
Aiming: Sandblast (safe; 1% risk of failure)
Press: ? - help, Shift-Dir - straight line, f/p - iguana
Aim: an iguana (almost dead, 85% to hit)
You feel a surge of power!
The blast of sand hits the iguana.
You kill the iguana!
Dithmenos accepts your kill. Dowan hits you but does no damage. x2
Casting: Sandblast (safe; 1% risk of failure)
Confirm with . or Enter, or press ? or * to list all spells.
Aiming: Sandblast (safe; 1% risk of failure)
Press: ? - help, Shift-Dir - straight line, f - Dowan
Aim: Dowan, wielding a +0 dagger of freezing and wearing a +0 robe (fast, 76% to hit)
You feel a surge of power!
The blast of sand hits Dowan!
Dowan is severely wounded.
You feel less wooden.
Your +0 helmet unmelds from your body.
Your +0 pair of boots unmelds from your body.
Your +0 leather armour unmelds from your body.
Dowan hits you but does no damage. Dowan completely misses you.
Your magical contamination has completely faded away.
Casting: Sandblast (safe; 1% risk of failure)
Confirm with . or Enter, or press ? or * to list all spells.
Aiming: Sandblast (safe; 1% risk of failure)
Press: ? - help, Shift-Dir - straight line, f/p - Dowan
Aim: Dowan, wielding a +0 dagger of freezing and wearing a +0 robe (severely wounded, fast, 76% to hit)
You feel a surge of power!
The blast of sand misses Dowan.
Dowan is no longer moving quickly.
Dowan points at you and mumbles some strange words.
The shard of ice hits you!!
Ouch! That really hurt!
You die...

....... ...[...
..e.... #.......
###....(... #..
.$..... ###
#.##....... ..#
######.........<
#.###>e@)...#..$....
#.#...###..##.......
#.#.### #.## #......
#<..# ...# #.....
#..## #.### ##.##
##... #. .# #.#.## #
..)... ..#.##.


You could see Dowan.

Vanquished Creatures
  Edmund (D:5)
  Duvessa (D:5)
  2 water moccasins
  2 iguanas
  Robin (D:2)
  3 gnolls (D:3)
  4 adders
  2 worms (D:2)
  A dart slug (D:4)
  3 orcs (D:3)
  11 bats
  9 endoplasms
  5 giant cockroaches
  15 goblins
  12 hobgoblins
  10 jackals
  10 kobolds
  3 quokkas
  9 ball pythons
  2 frilled lizards
  5 rats
111 creatures vanquished.

Notes
Turn   | Place    | Note
-------+----------+-------------------------------------------
     0 | D:1      | Johnny the Deep Elf Earth Elementalist began the quest for
                  | the Orb.
     0 | D:1      | Reached XP level 1. HP: 10/10 MP: 6/6
   347 | D:1      | Reached XP level 2. HP: 6/16 MP: 6/8
   753 | D:1      | Reached skill level 1 in Fighting
  1646 | D:1      | Reached XP level 3. HP: 13/20 MP: 10/10
  2382 | D:2      | Noticed Robin
  2425 | D:2      | Killed Robin
  2426 | D:2      | Reached XP level 4. HP: 7/26 MP: 2/11
  2826 | D:2      | Reached skill level 4 in Spellcasting
  4120 | D:3      | Reached XP level 5. HP: 31/31 MP: 10/13
  4199 | D:3      | Found a faded altar of an unknown god.
  4638 | D:4      | Found a staircase to the Ecumenical Temple.
  4767 | D:4      | Found a glowing drain.
  4845 | Sewer    | Entered a sewer
  4947 | Sewer    | Noticed a water moccasin
  4954 | Sewer    | Killed a water moccasin
  4955 | Sewer    | Reached skill level 5 in Spellcasting
  4955 | Sewer    | Reached XP level 6. HP: 37/37 MP: 11/15
  5515 | Temple   | Entered the Ecumenical Temple
  5528 | Temple   | Became a worshipper of Dithmenos the Shadowed
  5565 | D:5      | Entered Level 5 of the Dungeon
  5565 | D:5      | Noticed a water moccasin
  5570 | D:5      | Killed a water moccasin
  5571 | D:5      | Reached skill level 5 in Earth Magic
  5817 | D:5      | Noticed Edmund
  5818 | D:5      | Noticed Duvessa
  5836 | D:5      | Noticed Dowan
  5840 | D:5      | Killed Duvessa
  5841 | D:5      | Reached XP level 7. HP: 11/43 MP: 10/17
  5855 | D:5      | Killed Edmund
  5856 | D:5      | Reached skill level 6 in Spellcasting
  5861 | D:5      | Killed from afar by Dowan

Illustrated notes

Levels and vault maps discovered:
D:1:      enne_arrival_octagon_isle, layout_basic, minmay_statues_item
D:2:      layout_rooms, minmay_misc_feat_square, minmay_3d_cube, uniq_robin
D:3:      layout_loops_ring, shapermc_ecumenical_altar_mp_vishouse
D:4:      layout_loops_ring, minmay_temple_entry_slanted, gup_sewer_entry_glass
D:5:      layout_rooms, uniq_ijyb, uniq_edmund, uniq_duvessa,
          uniq_prince_ribbit1
Temple:   dshaligram_water_room_temple

Skill      XL: |  1  2  3  4  5  6  7 |
---------------+----------------------+-----
Fighting       | 1 2 3 4 |  4.6
Earth Magic    | 4 5 |  5.4
Spellcasting   | 4 5 6 |  6.0
Dodging        | |  2.4
Stealth        | |  2.4
Transmutations | |  1.1

Action                   |  1- 3 |  4- 6 |  7- 9 || total
-------------------------+-------+-------+-------++-------
Melee: Unarmed           |    10 |       |       ||    10
       War axe           |     4 |       |       ||     4
       Whip              |    54 |   132 |    13 ||   199
       Short sword       |     2 |       |       ||     2
 Cast: Sandblast         |    37 |    35 |     5 ||    77
  Use: Potion            |       |     4 |     2 ||     6
 Stab: Sleeping          |     1 |     8 |       ||     9
       Distracted        |       |     1 |       ||     1
Armor: Robe              |    10 |       |       ||    10
       Leather armour    |    11 |    39 |     1 ||    51
       Skin              |       |     3 |    13 ||    16
Dodge: Dodged            |    74 |    95 |     5 ||   174

Table legend: (Time is in decaauts)
 A = Elapsed time spent in this place.
 B = Non-inter-level travel time spent in this place.
 C = Inter-level travel time spent in this place.
 D = Time resting spent in this place.
 E = Time spent auto-exploring this place.
 F = Levels seen in this place.
 G = Mean time per level.
                   A        B        C        D        E       F      G
               +--------+--------+--------+--------+--------+-----+--------+
         Total |   5884 |   5732 |    152 |    682 |   4235 |   7 |  840.6 |
       Dungeon |   5685 |   5543 |    142 |    682 |   4069 |   5 | 1137.0 |
        Temple |     19 |      9 |     10 |      0 |      7 |   1 |   19.0 |
         Sewer |    179 |    179 |      0 |      0 |    159 |   1 |  179.0 |
               +--------+--------+--------+--------+--------+-----+--------+

Top non-repeatable levels by time:
     D:1: 2103 daAuts
     D:2: 1278 daAuts
     D:3: 1049 daAuts
     D:4: 957 daAuts
     D:5: 297 daAuts
   Sewer: 179 daAuts
  Temple: 19 daAuts
